Ice Dragons vs Punishers
(R1)
Created - 16 avril 2015 at 19:16
Goals
|
| Ice Dragons |
0 |
2 |
1 |
1 |
4 |
| Punishers |
0 |
2 |
1 |
0 |
3 |
|
Shots
|
| Ice Dragons |
11 |
12 |
8 |
1 |
32 |
| Punishers |
4 |
14 |
7 |
0 |
25 |
|
1st period
No Goal
Penalties :
Alexander Radulov (Kin) for Interference (Minor) at 5:50
2nd period
1. Punishers , Brad Isbister 1 (Éric Perrin) at 3:45
2. Punishers , Richard Zednik 1 (Nate Prosser, Keaton Ellerby) at 7:58 (SH)
3. Ice Dragons , Jeff Tambellini 1 (Danny Syvret) at 12:50
4. Ice Dragons , Alexander Radulov 1 (Jeff Tambellini, Patrick O'Sullivan) at 17:18
Penalties :
Patrick O'Sullivan (Kin) for Holding (Minor) at 0:19, Tanner Glass (Pro) for Cross-checking (Minor) at 7:51, Erik Condra (Pro) for Hooking (Minor) at 10:41
3rd period
5. Punishers , Brandon McMillan 1 (Kris Chucko, Adam McQuaid) at 7:04
6. Ice Dragons , Patrick O'Sullivan 1 (Alexander Radulov, Jeff Tambellini) at 17:38
Penalties :
Éric Perrin (Pro) for Hooking (Minor) at 0:35, Jeff Tambellini (Kin) for Hooking (Minor) at 0:43, Nate Prosser (Pro) for Goalie Interference (Minor) at 2:27, Brandon McMillan (Pro) for Holding Stick (Minor) at 4:50, Keaton Ellerby (Pro) for Hooking (Minor) at 7:41
Overtime #1
7. Ice Dragons , Jeff Tambellini 2 (Alexander Radulov) at 0:37 (PP)
Penalties :
Luke Adam (Pro) for Holding (Minor) at 0:24
Goalie Stats
Justin Pogge (Kin), 22 saves from 25 shots - (0,880), W, 1-0-0, 60:37 minutes
Kevin Poulin (Pro), 28 saves from 32 shots - (0,875), OTL, 0-0-1, 60:37 minutes
Players Stats for Ice Dragons
Player Name G A P +/- PIM S H SB GA TA FO MP PP MP PK MP
------------------------------------------------------------------------------------
Alexander Radulov 1 2 3 1 2 2 2 0 1 0 0/0 20:45 5:03 0:00
Cal Clutterbuck 0 0 0 0 0 2 1 1 0 0 0/0 18:18 4:40 1:22
Danny Syvret 0 1 1 0 0 1 5 0 0 2 0/0 19:34 4:05 1:43
Jeff Tambellini 2 2 4 1 2 4 3 0 1 0 2/5 21:33 5:13 1:41
Joe Callahan 0 0 0 -1 0 4 4 1 0 4 0/0 24:47 5:44 2:15
John Mitchell 0 0 0 0 0 3 2 1 0 0 1/2 9:19 0:00 0:36
Jonathan Blum 0 0 0 1 0 0 0 1 2 0 0/0 21:04 4:05 0:00
Kevin Klein 0 0 0 0 0 4 5 0 0 1 0/0 25:12 5:55 2:15
Kris Beech 0 0 0 0 0 1 3 1 0 0 6/10 17:31 4:51 0:00
Marc-Antoine Pouliot 0 0 0 -1 0 2 2 0 0 0 1/6 9:47 0:00 0:00
Nigel Dawes 0 0 0 0 0 0 0 2 0 0 1/1 11:52 0:06 0:03
Oskar Osala 0 0 0 -1 0 1 1 0 1 1 0/0 17:52 4:51 2:07
Patrick O'Sullivan 1 1 2 1 2 6 3 0 0 0 14/31 19:35 5:03 0:00
Raymond Sawada 0 0 0 0 0 0 1 0 1 0 0/0 8:55 0:06 0:00
Shean Donovan 0 0 0 -1 0 0 2 1 1 0 1/3 11:54 0:00 2:07
Tomas Kudelka 0 0 0 0 0 0 0 0 0 0 0/0 12:05 0:00 0:00
Troy Brouwer 0 0 0 0 0 2 1 0 0 1 0/0 9:14 0:06 0:00
Tyler Eckford 0 0 0 0 0 0 1 0 0 0 0/0 17:48 0:11 1:43
Players Stats for Punishers
Player Name G A P +/- PIM S H SB GA TA FO MP PP MP PK MP
------------------------------------------------------------------------------------
Adam McQuaid 0 1 1 0 0 0 0 0 0 0 0/0 11:54 0:00 1:39
Adam Pineault 0 0 0 0 0 3 0 1 0 1 0/0 14:57 1:52 0:00
Brad Isbister 1 0 1 1 0 2 2 2 0 1 0/0 19:48 2:06 3:27
Brandon McMillan 1 0 1 -1 2 1 1 0 0 0 3/4 11:24 0:00 0:00
Casey Cizikas 0 0 0 0 0 0 1 0 0 0 1/2 7:45 0:00 0:40
Éric Perrin 0 1 1 1 2 1 2 0 1 0 20/38 25:25 2:06 5:49
Erik Condra 0 0 0 -2 2 2 1 0 1 0 0/1 12:28 0:00 0:00
Justin Falk 0 0 0 0 0 1 0 0 0 0 0/0 18:34 1:35 3:43
Keaton Ellerby 0 1 1 0 2 1 5 0 0 1 0/0 24:31 2:23 5:04
Kris Chucko 0 1 1 -1 0 1 2 0 0 0 1/1 13:06 0:00 0:05
Luke Adam 0 0 0 0 2 1 0 0 0 0 6/9 14:25 1:52 0:00
Mark Fraser 0 0 0 0 0 2 0 0 1 3 0/0 18:34 1:35 3:43
Mike Weber 0 0 0 0 0 1 0 0 0 0 0/0 9:51 0:00 0:00
Nate Prosser 0 1 1 0 2 0 2 0 3 0 0/0 24:38 2:23 5:30
Radek Smolenak 0 0 0 -1 0 0 1 1 0 0 1/2 9:16 0:00 1:58
Richard Zednik 1 0 1 2 0 5 0 1 2 1 0/1 23:27 2:06 5:44
Simon Despres 0 0 0 0 0 0 0 0 0 0 0/0 6:39 0:00 0:00
Tanner Glass 0 0 0 0 2 4 0 1 1 0 0/0 16:56 1:52 2:24
Zach Jones 0 0 0 0 0 0 0 0 0 0 0/0 7:14 0:00 0:35
3 Stars
1 - Jeff Tambellini (Kin)
2 - Alexander Radulov (Kin)
3 - Patrick O'Sullivan (Kin)
Power Play
Ice Dragons - 1 on 7 Attempt(s) - 14,29%
Punishers - 0 on 3 Attempt(s) - 0,00%
Penalty Kill
Ice Dragons - 3 on 3 Attempt(s) - 100,00%
- Score 0 goal in Penalty Kill
Punishers - 6 on 7 Attempt(s) - 85,71%
- Score 1 goal in Penalty Kill
Team Stat
Ice Dragons - Hits : 36 - Faceoff Wins : 26 - Blocked Shots : 8 - Penalty Minutes : 6
Punishers - Hits : 17 - Faceoff Wins : 32 - Blocked Shots : 6 - Penalty Minutes : 14
Official
Referees : Fraser Kerry and Hasenfratz Mike
Linesman : Shane Heyer and Jay Sharrers
Game Notes
No Game Note
Finance
Level 1 -- Attendance: 1685 (84,25%) -- Ticket Income 58 975 $
Level 2 -- Attendance: 932 (93,20%) -- Ticket Income 13 980 $
Total Attendance: 2617 (87,23%)
Total Ticket Income: 72 955 $
Other Income: 3 648 $
Total Income: 76 603 $
Ice Dragons
5 vs 5 Forward
Center Left Wing Right Wing Time % Phy DF OF
1 Patrick O'Sullivan Jeff Tambellini Alexander Radulov 40 0 2 3
2 Kris Beech Nigel Dawes Cal Clutterbuck 30 0 2 3
3 Marc-Antoine Pouliot Oskar Osala Shean Donovan 20 0 2 3
4 John Mitchell Troy Brouwer Raymond Sawada 10 0 3 2
5 vs 5 Defense
Defense Defense Time % Phy DF OF
1 Kevin Klein Jonathan Blum 40 0 2 3
2 Joe Callahan Tyler Eckford 30 0 2 3
3 Danny Syvret Tomas Kudelka 20 1 3 1
4 Joe Callahan Danny Syvret 10 1 3 1
PowerPlay Forward
Center Left Wing Right Wing Time % Phy DF OF
1 Patrick O'Sullivan Jeff Tambellini Alexander Radulov 60 1 1 3
2 Kris Beech Oskar Osala Cal Clutterbuck 40 1 1 3
PowerPlay Defense
Defense Defense Time % Phy DF OF
1 Joe Callahan Kevin Klein 60 0 2 3
2 Danny Syvret Jonathan Blum 40 0 2 3
Penalty Kill 4 Players Forward
Center Wing Time % Phy DF OF
1 Shean Donovan Oskar Osala 60 1 4 0
2 Jeff Tambellini Cal Clutterbuck 40 1 4 0
Penalty Kill 4 Players Defense
Defense Defense Time % Phy DF OF
1 Joe Callahan Kevin Klein 60 1 4 0
2 Danny Syvret Tyler Eckford 40 1 4 0
Penalty Kill - 3 Players Forward
Forward Time % Phy DF OF
1 Shean Donovan 60 1 4 0
2 Cal Clutterbuck 40 1 4 0
Penalty Kill - 3 Players Defense
Defense Defense Time % Phy DF OF
1 Joe Callahan Kevin Klein 60 0 5 0
2 Danny Syvret Tyler Eckford 40 0 5 0
4 vs 4 Forward
Center Wing Time % Phy DF OF
1 Kris Beech Oskar Osala 60 0 2 3
2 John Mitchell Troy Brouwer 40 1 2 2
4 vs 4 Defense
Defense Defense Time % Phy DF OF
1 Tyler Eckford Kevin Klein 60 0 2 3
2 Danny Syvret Jonathan Blum 40 0 3 2
Last Minutes Offensive
Center Left Wing Right Wing Defense Defense
Patrick O'Sullivan Jeff Tambellini Alexander Radulov Joe Callahan Kevin Klein
Last Minutes Defensive
Center Left Wing Right Wing Defense Defense
Kris Beech Jeff Tambellini Shean Donovan Joe Callahan Kevin Klein
Goaltenders
Starting : Justin Pogge
Backup : Todd Ford
Extra Forwards
Normal : Cal Clutterbuck, Alexander Radulov, Troy Brouwer - PP : Nigel Dawes, Cal Clutterbuck - PK : Oskar Osala
Extra Defensemen
Normal : Jonathan Blum, Tyler Eckford, Danny Syvret - PP : Tomas Kudelka - PK : Jonathan Blum, Tyler Eckford
Penalty Shots
Nigel Dawes, Jeff Tambellini, Alexander Radulov, Troy Brouwer, Cal Clutterbuck
Punishers
5 vs 5 Forward
Center Left Wing Right Wing Time % Phy DF OF
1 Éric Perrin Brad Isbister Richard Zednik 40 1 2 2
2 Luke Adam Tanner Glass Adam Pineault 30 1 2 2
3 Brandon McMillan Kris Chucko Erik Condra 20 1 2 2
4 Casey Cizikas Radek Smolenak Éric Perrin 10 1 2 2
5 vs 5 Defense
Defense Defense Time % Phy DF OF
1 Nate Prosser Keaton Ellerby 40 1 2 2
2 Mark Fraser Justin Falk 30 1 2 2
3 Mike Weber Adam McQuaid 20 1 2 2
4 Zach Jones Simon Despres 10 1 2 2
PowerPlay Forward
Center Left Wing Right Wing Time % Phy DF OF
1 Éric Perrin Brad Isbister Richard Zednik 60 1 2 2
2 Luke Adam Tanner Glass Adam Pineault 40 1 2 2
PowerPlay Defense
Defense Defense Time % Phy DF OF
1 Nate Prosser Keaton Ellerby 60 1 2 2
2 Mark Fraser Justin Falk 40 1 2 2
Penalty Kill 4 Players Forward
Center Wing Time % Phy DF OF
1 Éric Perrin Richard Zednik 60 1 2 2
2 Brad Isbister Tanner Glass 40 1 2 2
Penalty Kill 4 Players Defense
Defense Defense Time % Phy DF OF
1 Nate Prosser Keaton Ellerby 60 1 2 2
2 Mark Fraser Justin Falk 40 1 2 2
Penalty Kill - 3 Players Forward
Forward Time % Phy DF OF
1 Éric Perrin 60 1 2 2
2 Richard Zednik 40 1 2 2
Penalty Kill - 3 Players Defense
Defense Defense Time % Phy DF OF
1 Nate Prosser Keaton Ellerby 60 1 2 2
2 Mark Fraser Justin Falk 40 1 2 2
4 vs 4 Forward
Center Wing Time % Phy DF OF
1 Éric Perrin Richard Zednik 60 1 2 2
2 Brad Isbister Tanner Glass 40 1 2 2
4 vs 4 Defense
Defense Defense Time % Phy DF OF
1 Nate Prosser Keaton Ellerby 60 1 2 2
2 Mark Fraser Justin Falk 40 1 2 2
Last Minutes Offensive
Center Left Wing Right Wing Defense Defense
Éric Perrin Brad Isbister Richard Zednik Nate Prosser Keaton Ellerby
Last Minutes Defensive
Center Left Wing Right Wing Defense Defense
Éric Perrin Brad Isbister Richard Zednik Nate Prosser Keaton Ellerby
Goaltenders
Starting : Kevin Poulin
Backup : Anton Khudobin
Extra Forwards
Normal : Kris Chucko, Erik Condra, Radek Smolenak - PP : Kris Chucko, Erik Condra - PK : Radek Smolenak
Extra Defensemen
Normal : Mike Weber, Adam McQuaid, Zach Jones - PP : Mike Weber - PK : Adam McQuaid, Zach Jones
Penalty Shots
Éric Perrin, Richard Zednik, Brad Isbister, Tanner Glass, Kris Chucko
% Time on Ice - Ice Dragons
Lines # - Real PCT - Wanted PCT - Time Play
Normal Forward
1 - 34% - 40% - 15:11
2 - 26% - 30% - 11:33
3 - 22% - 20% - 9:47
4 - 18% - 10% - 8:09
Normal Defense
1 - 39% - 40% - 17:23
2 - 32% - 30% - 14:26
3 - 23% - 20% - 10:06
4 - 6% - 10% - 2:45
PP Forward
1 - 53% - 60% - 5:20
2 - 47% - 40% - 4:40
PP Defense
1 - 59% - 60% - 5:55
2 - 41% - 40% - 4:05
PK Forward
1 - 66% - 60% - 2:36
2 - 34% - 40% - 1:22
PK Defense
1 - 57% - 60% - 2:15
2 - 43% - 40% - 1:43
PK3 Forward
1 - 0% - 60%
2 - 0% - 40%
PK3 Defense
1 - 0% - 60%
2 - 0% - 40%
44 Forward
1 - 84% - 60% - 1:40
2 - 16% - 40% - 0:19
44 Defense
1 - 61% - 60% - 1:13
2 - 39% - 40% - 0:46
Last Minute Offensive - 0:00
Last Minute Defensive - 0:00
Total
Forward - 60:37
Defense - 60:37
|
% Time on Ice - Punishers
Lines # - Real PCT - Wanted PCT - Time Play
Normal Forward
1 - 33% - 40% - 14:50
2 - 29% - 30% - 12:54
3 - 25% - 20% - 11:10
4 - 13% - 10% - 5:46
Normal Defense
1 - 35% - 40% - 15:38
2 - 28% - 30% - 12:32
3 - 22% - 20% - 9:51
4 - 15% - 10% - 6:39
PP Forward
1 - 53% - 60% - 2:06
2 - 47% - 40% - 1:52
PP Defense
1 - 60% - 60% - 2:23
2 - 40% - 40% - 1:35
PK Forward
1 - 73% - 60% - 7:18
2 - 27% - 40% - 2:42
PK Defense
1 - 64% - 60% - 6:24
2 - 36% - 40% - 3:36
PK3 Forward
1 - 100% - 60% - 0:07
2 - 0% - 40% - 0:00
PK3 Defense
1 - 0% - 60% - 0:00
2 - 100% - 40% - 0:07
44 Forward
1 - 100% - 60% - 1:52
2 - 0% - 40% - 0:00
44 Defense
1 - 61% - 60% - 1:08
2 - 39% - 40% - 0:44
Last Minute Offensive - 0:00
Last Minute Defensive - 0:00
Total
Forward - 60:37
Defense - 60:37
|
Play by Play
1st period
0:01 of 1st period - Jeff Tambellini wins face-off versus Éric Perrin in neutral zone.
0:10 of 1st period - Wrist shot by Patrick O'Sullivan.
0:10 of 1st period - Stopped by Kevin Poulin with a rebound.
0:48 of 1st period - Off-side.
0:49 of 1st period - Brandon McMillan wins face-off versus Marc-Antoine Pouliot in neutral zone.
1:16 of 1st period - Mike Weber is hit by Jeff Tambellini and loses puck.
1:23 of 1st period - Off-side.
1:24 of 1st period - Éric Perrin wins face-off versus John Mitchell in neutral zone.
1:35 of 1st period - Wrist shot by Troy Brouwer.
1:35 of 1st period - Stopped by Kevin Poulin without a rebound.
1:36 of 1st period - Luke Adam wins face-off versus Kris Beech in Punishers zone.
1:44 of 1st period - Off-side.
1:45 of 1st period - Luke Adam wins face-off versus Kris Beech in neutral zone.
1:59 of 1st period - Wrist shot by Adam Pineault.
1:59 of 1st period - Shot Blocked by Kris Beech.
2:11 of 1st period - Slapshot by Adam Pineault.
2:11 of 1st period - Stopped by Justin Pogge with a rebound.
2:13 of 1st period - Wrist shot by Keaton Ellerby.
2:13 of 1st period - Stopped by Justin Pogge with a rebound.
2:15 of 1st period - Snap shot by Tanner Glass.
2:15 of 1st period - Stopped by Justin Pogge with a rebound.
2:17 of 1st period - Wrist shot by Tanner Glass.
2:17 of 1st period - Stopped by Justin Pogge with a rebound.
2:44 of 1st period - Snap shot by Tanner Glass.
2:44 of 1st period - Shot Misses the Net.
2:46 of 1st period - Slapshot by Adam Pineault.
2:46 of 1st period - Shot Misses the Net.
2:48 of 1st period - Wrist shot by Tanner Glass.
2:48 of 1st period - Shot Misses the Net.
2:56 of 1st period - Snap shot by Tanner Glass.
2:56 of 1st period - Shot Misses the Net.
2:58 of 1st period - Slapshot by Nate Prosser.
2:58 of 1st period - Shot Misses the Net.
3:00 of 1st period - Snap shot by Keaton Ellerby.
3:00 of 1st period - Shot Misses the Net.
3:14 of 1st period - Snap shot by Tanner Glass.
3:14 of 1st period - Deflect By Luke Adam.
3:14 of 1st period - Shot Blocked by Nigel Dawes.
3:14 of 1st period - Puck is out of play.
3:15 of 1st period - Patrick O'Sullivan wins face-off versus Richard Zednik in Ice Dragons zone.
3:30 of 1st period - Snap shot by Alexander Radulov.
3:30 of 1st period - Stopped by Kevin Poulin with a rebound.
4:06 of 1st period - Wrist shot by Troy Brouwer.
4:06 of 1st period - Stopped by Kevin Poulin with a rebound.
4:08 of 1st period - Slapshot by John Mitchell.
4:08 of 1st period - Stopped by Kevin Poulin with a rebound.
4:10 of 1st period - Snap shot by Raymond Sawada.
4:10 of 1st period - Shot Misses the Net.
4:12 of 1st period - Snap shot by Kevin Klein.
4:12 of 1st period - Stopped by Kevin Poulin with a rebound.
5:40 of 1st period - Icing by Mark Fraser.
5:41 of 1st period - Casey Cizikas wins face-off versus Patrick O'Sullivan in Punishers zone.
5:50 of 1st period - Minor Penalty to Alexander Radulov for Interference.
5:51 of 1st period - Éric Perrin wins face-off versus Shean Donovan in Ice Dragons zone.
7:50 of 1st period - Penalty to Alexander Radulov is over, Alexander Radulov is back on ice.
8:17 of 1st period - Kris Beech is hit by Erik Condra.
8:58 of 1st period - Adam Pineault is hit by Kris Beech and loses puck.
9:21 of 1st period - Erik Condra is hit by Marc-Antoine Pouliot and loses puck.
9:28 of 1st period - Oskar Osala is hit by Brandon McMillan and loses puck.
9:48 of 1st period - Icing by Jonathan Blum.
9:49 of 1st period - Kris Beech wins face-off versus Luke Adam in Ice Dragons zone.
10:02 of 1st period - Snap shot by Nigel Dawes.
10:02 of 1st period - Shot Hit the Post.
10:18 of 1st period - Snap shot by Jeff Tambellini.
10:18 of 1st period - Shot Misses the Net.
10:39 of 1st period - Icing by Troy Brouwer.
10:40 of 1st period - John Mitchell wins face-off versus Brandon McMillan in Ice Dragons zone.
11:33 of 1st period - Patrick O'Sullivan is hit by Brad Isbister and loses puck.
11:48 of 1st period - Wrist shot by Oskar Osala.
11:48 of 1st period - Stopped by Kevin Poulin with a rebound.
12:12 of 1st period - Adam Pineault is hit by Danny Syvret.
12:28 of 1st period - Mark Fraser is hit by Kevin Klein and loses puck.
13:30 of 1st period - Wrist shot by Adam Pineault.
13:30 of 1st period - Shot Blocked by John Mitchell.
13:40 of 1st period - Éric Perrin is hit by Cal Clutterbuck and loses puck.
13:55 of 1st period - Tanner Glass is hit by Patrick O'Sullivan and loses puck.
14:00 of 1st period - Slapshot by Patrick O'Sullivan.
14:00 of 1st period - Stopped by Kevin Poulin with a rebound.
14:02 of 1st period - Slapshot by John Mitchell.
14:02 of 1st period - Shot Blocked by Adam Pineault.
14:04 of 1st period - Snap shot by Joe Callahan.
14:04 of 1st period - Stopped by Kevin Poulin with a rebound.
14:06 of 1st period - Wrist shot by Jeff Tambellini.
14:06 of 1st period - Shot Misses the Net.
14:16 of 1st period - Shean Donovan is hit by Kris Chucko and loses puck.
14:25 of 1st period - Kris Chucko is hit by Oskar Osala.
14:39 of 1st period - Jonathan Blum is hit by Éric Perrin and loses puck.
15:00 of 1st period - Slapshot by Troy Brouwer.
15:00 of 1st period - Shot Blocked by Radek Smolenak.
15:15 of 1st period - Éric Perrin is hit by Alexander Radulov and loses puck.
15:20 of 1st period - Slapshot by Jeff Tambellini.
15:20 of 1st period - Stopped by Kevin Poulin with a rebound.
15:30 of 1st period - Éric Perrin is hit by Kris Beech and loses puck.
15:43 of 1st period - Snap shot by Brad Isbister.
15:43 of 1st period - Shot Blocked by Nigel Dawes.
15:49 of 1st period - Éric Perrin is hit by Joe Callahan and loses puck.
16:00 of 1st period - Richard Zednik is hit by John Mitchell and loses puck.
16:09 of 1st period - Slapshot by John Mitchell.
16:09 of 1st period - Stopped by Kevin Poulin with a rebound.
16:11 of 1st period - Slapshot by Danny Syvret.
16:11 of 1st period - Shot Blocked by Brad Isbister.
16:13 of 1st period - Snap shot by Raymond Sawada.
16:13 of 1st period - Shot Misses the Net.
19:52 of 1st period - Mark Fraser is hit by Tyler Eckford.
Goals for this period are 0 for Ice Dragons vs 0 for Punishers.
Shots for this period are 11 for Ice Dragons vs 4 for Punishers.
2nd period
0:01 of 2nd period - Éric Perrin wins face-off versus Patrick O'Sullivan in neutral zone.
0:19 of 2nd period - Minor Penalty to Patrick O'Sullivan for Holding.
0:20 of 2nd period - Éric Perrin wins face-off versus Shean Donovan in Ice Dragons zone.
1:06 of 2nd period - Danny Syvret is hit by Keaton Ellerby and loses puck.
1:18 of 2nd period - Off-side.
1:19 of 2nd period - Jeff Tambellini wins face-off versus Éric Perrin in neutral zone.
1:42 of 2nd period - Slapshot by Tanner Glass.
1:42 of 2nd period - Shot Blocked by Joe Callahan.
2:19 of 2nd period - Penalty to Patrick O'Sullivan is over, Patrick O'Sullivan is back on ice.
2:26 of 2nd period - Erik Condra is hit by Danny Syvret and loses puck.
2:35 of 2nd period - Brandon McMillan is hit by Danny Syvret.
3:06 of 2nd period - Adam McQuaid is hit by Danny Syvret and loses puck.
3:41 of 2nd period - Icing by Jeff Tambellini.
3:42 of 2nd period - Éric Perrin wins face-off versus Marc-Antoine Pouliot in Ice Dragons zone.
3:45 of 2nd period - Wrist shot by Brad Isbister.
3:45 of 2nd period - Goal by Brad Isbister - Ice Dragons : 0 - Punishers : 1.
3:46 of 2nd period - Patrick O'Sullivan wins face-off versus Éric Perrin in neutral zone.
4:20 of 2nd period - Slapshot by Adam Pineault.
4:20 of 2nd period - Deflect By Tanner Glass.
4:20 of 2nd period - Stopped by Justin Pogge without a rebound.
4:21 of 2nd period - Patrick O'Sullivan wins face-off versus Luke Adam in Ice Dragons zone.
4:36 of 2nd period - Slapshot by Kevin Klein.
4:36 of 2nd period - Stopped by Kevin Poulin without a rebound.
4:37 of 2nd period - Kris Beech wins face-off versus Éric Perrin in Punishers zone.
4:40 of 2nd period - Wrist shot by Kris Beech.
4:40 of 2nd period - Stopped by Kevin Poulin without a rebound.
4:41 of 2nd period - Kris Beech wins face-off versus Éric Perrin in Punishers zone.
4:42 of 2nd period - Wrist shot by Cal Clutterbuck.
4:42 of 2nd period - Stopped by Kevin Poulin without a rebound.
4:43 of 2nd period - Kris Beech wins face-off versus Éric Perrin in Punishers zone.
4:50 of 2nd period - Wrist shot by Cal Clutterbuck.
4:50 of 2nd period - Shot Misses the Net.
6:43 of 2nd period - Snap shot by Jeff Tambellini.
6:43 of 2nd period - Shot Hit the Post.
7:18 of 2nd period - Wrist shot by Éric Perrin.
7:18 of 2nd period - Deflect By Brad Isbister.
7:18 of 2nd period - Shot Misses the Net.
7:18 of 2nd period - Puck is out of play.
7:19 of 2nd period - Éric Perrin wins face-off versus Patrick O'Sullivan in Ice Dragons zone.
7:24 of 2nd period - Wrist shot by Brad Isbister.
7:24 of 2nd period - Shot Blocked by Jonathan Blum.
7:26 of 2nd period - Wrist shot by Nate Prosser.
7:26 of 2nd period - Shot Misses the Net.
7:28 of 2nd period - Slapshot by Keaton Ellerby.
7:28 of 2nd period - Shot Misses the Net.
7:51 of 2nd period - Minor Penalty to Tanner Glass for Cross-checking.
7:52 of 2nd period - Éric Perrin wins face-off versus Jeff Tambellini in Punishers zone.
7:58 of 2nd period - Slapshot by Richard Zednik.
7:58 of 2nd period - Goal by Richard Zednik - Ice Dragons : 0 - Punishers : 2.
7:59 of 2nd period - Éric Perrin wins face-off versus Patrick O'Sullivan in neutral zone.
8:02 of 2nd period - Slapshot by Nate Prosser.
8:02 of 2nd period - Shot Misses the Net.
8:14 of 2nd period - Snap shot by Patrick O'Sullivan.
8:14 of 2nd period - Stopped by Kevin Poulin without a rebound.
8:15 of 2nd period - Éric Perrin wins face-off versus Patrick O'Sullivan in Punishers zone.
9:46 of 2nd period - Kris Beech is hit by Éric Perrin and loses puck.
9:51 of 2nd period - Penalty to Tanner Glass is over, Tanner Glass is back on ice.
10:07 of 2nd period - Wrist shot by Erik Condra.
10:07 of 2nd period - Shot Misses the Net.
10:13 of 2nd period - Snap shot by Erik Condra.
10:13 of 2nd period - Stopped by Justin Pogge without a rebound.
10:14 of 2nd period - Patrick O'Sullivan wins face-off versus Luke Adam in Ice Dragons zone.
10:37 of 2nd period - Raymond Sawada is hit by Kris Chucko and loses puck.
10:41 of 2nd period - Minor Penalty to Erik Condra for Hooking.
10:42 of 2nd period - Patrick O'Sullivan wins face-off versus Éric Perrin in Punishers zone.
10:49 of 2nd period - Wrist shot by Alexander Radulov.
10:49 of 2nd period - Shot Blocked by Richard Zednik.
10:51 of 2nd period - Snap shot by Patrick O'Sullivan.
10:51 of 2nd period - Deflect By Éric Perrin.
10:51 of 2nd period - Stopped by Kevin Poulin with a rebound.
10:53 of 2nd period - Wrist shot by Jeff Tambellini.
10:53 of 2nd period - Stopped by Kevin Poulin with a rebound.
10:55 of 2nd period - Snap shot by Alexander Radulov.
10:55 of 2nd period - Shot Misses the Net.
10:57 of 2nd period - Snap shot by Patrick O'Sullivan.
10:57 of 2nd period - Shot Misses the Net.
11:17 of 2nd period - Keaton Ellerby is hit by Jeff Tambellini and loses puck.
11:27 of 2nd period - Off-side.
11:28 of 2nd period - Kris Beech wins face-off versus Éric Perrin in neutral zone.
11:31 of 2nd period - Snap shot by Danny Syvret.
11:31 of 2nd period - Stopped by Kevin Poulin without a rebound.
11:32 of 2nd period - Éric Perrin wins face-off versus Kris Beech in Punishers zone.
11:37 of 2nd period - Slapshot by Richard Zednik.
11:37 of 2nd period - Shot Blocked by Cal Clutterbuck.
12:06 of 2nd period - Jonathan Blum is hit by Brad Isbister and loses puck.
12:17 of 2nd period - Snap shot by Kris Beech.
12:17 of 2nd period - Shot Misses the Net.
12:41 of 2nd period - Penalty to Erik Condra is over, Erik Condra is back on ice.
12:50 of 2nd period - Snap shot by Jeff Tambellini.
12:50 of 2nd period - Goal by Jeff Tambellini - Ice Dragons : 1 - Punishers : 2.
12:51 of 2nd period - Éric Perrin wins face-off versus Patrick O'Sullivan in neutral zone.
13:20 of 2nd period - Snap shot by Luke Adam.
13:20 of 2nd period - Stopped by Justin Pogge without a rebound.
13:21 of 2nd period - Luke Adam wins face-off versus Patrick O'Sullivan in Ice Dragons zone.
13:24 of 2nd period - Snap shot by Adam Pineault.
13:24 of 2nd period - Stopped by Justin Pogge with a rebound.
13:26 of 2nd period - Wrist shot by Mark Fraser.
13:26 of 2nd period - Stopped by Justin Pogge with a rebound.
13:28 of 2nd period - Slapshot by Mark Fraser.
13:28 of 2nd period - Shot Misses the Net.
13:32 of 2nd period - Snap shot by Adam Pineault.
13:32 of 2nd period - Deflect By Tanner Glass.
13:32 of 2nd period - Shot Misses the Net.
13:32 of 2nd period - Puck is out of play.
13:33 of 2nd period - Patrick O'Sullivan wins face-off versus Éric Perrin in Ice Dragons zone.
13:46 of 2nd period - Slapshot by Joe Callahan.
13:46 of 2nd period - Deflect By Brad Isbister.
13:46 of 2nd period - Stopped by Kevin Poulin without a rebound.
13:47 of 2nd period - Éric Perrin wins face-off versus Patrick O'Sullivan in Punishers zone.
13:47 of 2nd period - Éric Perrin is hit by Kevin Klein.
14:13 of 2nd period - Keaton Ellerby is hit by Kevin Klein and loses puck.
14:20 of 2nd period - Wrist shot by Cal Clutterbuck.
14:20 of 2nd period - Stopped by Kevin Poulin with a rebound.
14:42 of 2nd period - Snap shot by Erik Condra.
14:42 of 2nd period - Stopped by Justin Pogge with a rebound.
14:44 of 2nd period - Wrist shot by Brandon McMillan.
14:44 of 2nd period - Shot Misses the Net.
14:56 of 2nd period - Slapshot by Joe Callahan.
14:56 of 2nd period - Deflect By Justin Falk.
14:56 of 2nd period - Stopped by Kevin Poulin with a rebound.
15:02 of 2nd period - Slapshot by Mark Fraser.
15:02 of 2nd period - Shot Misses the Net.
15:26 of 2nd period - Wrist shot by Adam Pineault.
15:26 of 2nd period - Stopped by Justin Pogge with a rebound.
16:18 of 2nd period - Simon Despres is hit by Joe Callahan and loses puck.
16:50 of 2nd period - Jonathan Blum is hit by Keaton Ellerby.
17:02 of 2nd period - Wrist shot by Kris Beech.
17:02 of 2nd period - Shot Misses the Net.
17:18 of 2nd period - Wrist shot by Jeff Tambellini.
17:18 of 2nd period - Deflect By Alexander Radulov.
17:18 of 2nd period - Goal by Alexander Radulov - Ice Dragons : 2 - Punishers : 2.
17:19 of 2nd period - Éric Perrin wins face-off versus Patrick O'Sullivan in neutral zone.
17:51 of 2nd period - Snap shot by Mark Fraser.
17:51 of 2nd period - Stopped by Justin Pogge with a rebound.
18:32 of 2nd period - Snap shot by Brad Isbister.
18:32 of 2nd period - Shot Misses the Net.
18:34 of 2nd period - Snap shot by Éric Perrin.
18:34 of 2nd period - Deflect By Danny Syvret.
18:34 of 2nd period - Shot Misses the Net.
18:34 of 2nd period - Puck is out of play.
18:35 of 2nd period - Éric Perrin wins face-off versus Jeff Tambellini in Ice Dragons zone.
18:36 of 2nd period - Wrist shot by Richard Zednik.
18:36 of 2nd period - Stopped by Justin Pogge with a rebound.
18:46 of 2nd period - Wrist shot by Brad Isbister.
18:46 of 2nd period - Stopped by Justin Pogge without a rebound.
18:47 of 2nd period - Luke Adam wins face-off versus Patrick O'Sullivan in Ice Dragons zone.
18:48 of 2nd period - Slapshot by Tanner Glass.
18:48 of 2nd period - Stopped by Justin Pogge with a rebound.
19:12 of 2nd period - Nigel Dawes is hit by Nate Prosser and loses puck.
19:35 of 2nd period - Snap shot by Erik Condra.
19:35 of 2nd period - Shot Blocked by Shean Donovan.
19:37 of 2nd period - Slapshot by Mike Weber.
19:37 of 2nd period - Stopped by Justin Pogge without a rebound.
19:38 of 2nd period - Shean Donovan wins face-off versus Éric Perrin in Ice Dragons zone.
Goals for this period are 2 for Ice Dragons vs 2 for Punishers.
Shots for this period are 12 for Ice Dragons vs 14 for Punishers.
3rd period
0:01 of 3rd period - Patrick O'Sullivan wins face-off versus Éric Perrin in neutral zone.
0:09 of 3rd period - Snap shot by Richard Zednik.
0:09 of 3rd period - Stopped by Justin Pogge without a rebound.
0:10 of 3rd period - Éric Perrin wins face-off versus Patrick O'Sullivan in Ice Dragons zone.
0:13 of 3rd period - Wrist shot by Éric Perrin.
0:13 of 3rd period - Stopped by Justin Pogge without a rebound.
0:14 of 3rd period - Patrick O'Sullivan wins face-off versus Éric Perrin in Ice Dragons zone.
0:14 of 3rd period - Patrick O'Sullivan is hit by Keaton Ellerby.
0:35 of 3rd period - Minor Penalty to Éric Perrin for Hooking.
0:36 of 3rd period - Radek Smolenak wins face-off versus Patrick O'Sullivan in Punishers zone.
0:36 of 3rd period - Radek Smolenak is hit by Joe Callahan.
0:43 of 3rd period - Minor Penalty to Jeff Tambellini for Hooking.
0:44 of 3rd period - Kris Chucko wins face-off versus Kris Beech in Ice Dragons zone.
0:57 of 3rd period - Snap shot by Richard Zednik.
0:57 of 3rd period - Shot Misses the Net.
0:59 of 3rd period - Slapshot by Keaton Ellerby.
0:59 of 3rd period - Shot Misses the Net.
1:31 of 3rd period - Slapshot by Cal Clutterbuck.
1:31 of 3rd period - Shot Misses the Net.
2:27 of 3rd period - Minor Penalty to Nate Prosser for Goalie Interference.
2:28 of 3rd period - Kris Beech wins face-off versus Radek Smolenak in Punishers zone.
2:31 of 3rd period - Wrist shot by Kris Beech.
2:31 of 3rd period - Shot Misses the Net.
2:35 of 3rd period - Penalty to Éric Perrin is over, Éric Perrin is back on ice.
2:43 of 3rd period - Penalty to Jeff Tambellini is over, Jeff Tambellini is back on ice.
2:53 of 3rd period - Wrist shot by Justin Falk.
2:53 of 3rd period - Stopped by Justin Pogge without a rebound.
2:54 of 3rd period - Patrick O'Sullivan wins face-off versus Éric Perrin in Ice Dragons zone.
2:58 of 3rd period - Icing by Jeff Tambellini.
2:59 of 3rd period - Éric Perrin wins face-off versus Patrick O'Sullivan in Ice Dragons zone.
3:00 of 3rd period - Wrist shot by Richard Zednik.
3:00 of 3rd period - Shot Misses the Net.
3:08 of 3rd period - Snap shot by Richard Zednik.
3:08 of 3rd period - Stopped by Justin Pogge without a rebound.
3:09 of 3rd period - Patrick O'Sullivan wins face-off versus Éric Perrin in Ice Dragons zone.
4:27 of 3rd period - Penalty to Nate Prosser is over, Nate Prosser is back on ice.
4:35 of 3rd period - Brandon McMillan is hit by Kevin Klein and loses puck.
4:50 of 3rd period - Minor Penalty to Brandon McMillan for Holding Stick.
4:51 of 3rd period - Éric Perrin wins face-off versus Jeff Tambellini in Punishers zone.
4:51 of 3rd period - Éric Perrin is hit by Jeff Tambellini.
6:50 of 3rd period - Penalty to Brandon McMillan is over, Brandon McMillan is back on ice.
6:51 of 3rd period - Alexander Radulov is hit by Casey Cizikas and loses puck.
7:02 of 3rd period - Wrist shot by Kris Chucko.
7:02 of 3rd period - Stopped by Justin Pogge with a rebound.
7:04 of 3rd period - Snap shot by Brandon McMillan.
7:04 of 3rd period - Goal by Brandon McMillan - Ice Dragons : 2 - Punishers : 3.
7:05 of 3rd period - Nigel Dawes wins face-off versus Éric Perrin in neutral zone.
7:16 of 3rd period - Slapshot by Cal Clutterbuck.
7:16 of 3rd period - Shot Blocked by Brad Isbister.
7:18 of 3rd period - Wrist shot by Danny Syvret.
7:18 of 3rd period - Shot Misses the Net.
7:35 of 3rd period - Slapshot by Jonathan Blum.
7:35 of 3rd period - Shot Blocked by Tanner Glass.
7:37 of 3rd period - Wrist shot by Marc-Antoine Pouliot.
7:37 of 3rd period - Stopped by Kevin Poulin without a rebound.
7:38 of 3rd period - Luke Adam wins face-off versus Patrick O'Sullivan in Punishers zone.
7:38 of 3rd period - Luke Adam is hit by Patrick O'Sullivan.
7:41 of 3rd period - Minor Penalty to Keaton Ellerby for Hooking.
7:42 of 3rd period - Éric Perrin wins face-off versus Patrick O'Sullivan in Punishers zone.
7:56 of 3rd period - Slapshot by Alexander Radulov.
7:56 of 3rd period - Shot Misses the Net.
7:58 of 3rd period - Slapshot by Kevin Klein.
7:58 of 3rd period - Shot Misses the Net.
8:08 of 3rd period - Kevin Klein is hit by Nate Prosser and loses puck.
9:41 of 3rd period - Penalty to Keaton Ellerby is over, Keaton Ellerby is back on ice.
9:52 of 3rd period - Nigel Dawes is hit by Keaton Ellerby and loses puck.
10:21 of 3rd period - Adam McQuaid is hit by Marc-Antoine Pouliot.
11:52 of 3rd period - Joe Callahan is hit by Keaton Ellerby and loses puck.
12:05 of 3rd period - Mike Weber is hit by Alexander Radulov and loses puck.
12:21 of 3rd period - Adam Pineault is hit by Troy Brouwer.
12:41 of 3rd period - Brad Isbister is hit by Patrick O'Sullivan and loses puck.
13:09 of 3rd period - Simon Despres is hit by John Mitchell.
13:29 of 3rd period - Zach Jones is hit by Joe Callahan and loses puck.
13:40 of 3rd period - Kris Chucko is hit by Shean Donovan and loses puck.
14:09 of 3rd period - Tomas Kudelka is hit by Radek Smolenak and loses puck.
14:24 of 3rd period - Kris Chucko is hit by Kris Beech.
14:46 of 3rd period - Keaton Ellerby is hit by Danny Syvret.
15:44 of 3rd period - Mark Fraser is hit by Shean Donovan.
16:18 of 3rd period - Kris Chucko is hit by Raymond Sawada and loses puck.
16:29 of 3rd period - Backhand shot by John Mitchell.
16:29 of 3rd period - Stopped by Kevin Poulin with a rebound.
16:31 of 3rd period - Slapshot by Joe Callahan.
16:31 of 3rd period - Stopped by Kevin Poulin without a rebound.
16:32 of 3rd period - Luke Adam wins face-off versus Marc-Antoine Pouliot in Punishers zone.
17:07 of 3rd period - Slapshot by Jonathan Blum.
17:07 of 3rd period - Shot Misses the Net.
17:38 of 3rd period - Snap shot by Patrick O'Sullivan.
17:38 of 3rd period - Goal by Patrick O'Sullivan - Ice Dragons : 3 - Punishers : 3.
17:39 of 3rd period - Marc-Antoine Pouliot wins face-off versus Casey Cizikas in neutral zone.
17:48 of 3rd period - Wrist shot by Marc-Antoine Pouliot.
17:48 of 3rd period - Stopped by Kevin Poulin without a rebound.
17:49 of 3rd period - Éric Perrin wins face-off versus Marc-Antoine Pouliot in Punishers zone.
18:08 of 3rd period - Wrist shot by Kevin Klein.
18:08 of 3rd period - Stopped by Kevin Poulin with a rebound.
18:10 of 3rd period - Snap shot by Marc-Antoine Pouliot.
18:10 of 3rd period - Shot Hit the Post.
18:12 of 3rd period - Slapshot by Kevin Klein.
18:12 of 3rd period - Deflect By Éric Perrin.
18:12 of 3rd period - Stopped by Kevin Poulin without a rebound.
18:13 of 3rd period - Patrick O'Sullivan wins face-off versus Erik Condra in Punishers zone.
18:16 of 3rd period - Wrist shot by Patrick O'Sullivan.
18:16 of 3rd period - Stopped by Kevin Poulin without a rebound.
18:17 of 3rd period - Brandon McMillan wins face-off versus Patrick O'Sullivan in Punishers zone.
18:39 of 3rd period - Icing by Brandon McMillan.
18:40 of 3rd period - Brandon McMillan wins face-off versus Marc-Antoine Pouliot in Punishers zone.
19:02 of 3rd period - Icing by Jonathan Blum.
19:03 of 3rd period - Éric Perrin wins face-off versus Patrick O'Sullivan in Ice Dragons zone.
19:04 of 3rd period - Slapshot by Richard Zednik.
19:04 of 3rd period - Stopped by Justin Pogge without a rebound.
19:05 of 3rd period - Patrick O'Sullivan wins face-off versus Éric Perrin in Ice Dragons zone.
Goals for this period are 1 for Ice Dragons vs 1 for Punishers.
Shots for this period are 8 for Ice Dragons vs 7 for Punishers.
Overtime #1
0:01 of 1st overtime period - Patrick O'Sullivan wins face-off versus Éric Perrin in neutral zone.
0:24 of 1st overtime period - Minor Penalty to Luke Adam for Holding.
0:25 of 1st overtime period - Patrick O'Sullivan wins face-off versus Éric Perrin in Punishers zone.
0:32 of 1st overtime period - Richard Zednik is hit by Kevin Klein and loses puck.
0:37 of 1st overtime period - Wrist shot by Jeff Tambellini.
0:37 of 1st overtime period - Goal by Jeff Tambellini - Ice Dragons : 4 - Punishers : 3.
Goals for this period are 1 for Ice Dragons vs 0 for Punishers.
Shots for this period are 1 for Ice Dragons vs 0 for Punishers.
Output by the SimonT Hockey Simulator (STHS) for François Prévost -- Original Page W3C XHTML 1.0 Valid